 Dungeon Crawl Stone Soup version 0.27-a0-1136-g0b992a5a9d (webtiles) character file.

Game seed: 15072213728901255494

43 voltaire321 the Sneak (level 3, -3/26 HPs)
             Began as an Octopode Delver on May 5, 2021.
             Slain by Terence
             ... wielding a +0 flail
              (10 damage)
             ... on level 2 of the Dungeon.
             The game lasted 00:04:10 (1840 turns).

voltaire321 the Sneak (Octopode Delver)             Turns: 1840, Time: 00:04:11

Health: -3/26      AC:  1    Str: 11    XL:     3   Next: 58%
Magic:  3/3        EV:  8    Int: 12    God:
Gold:   34         SH: 10    Dex: 14    Spells: 2/2 levels left

rFire    . . .     SeeInvis +   a - +0 short sword
rCold    . . .     Faith    .   p - +0 tower shield
rNeg     . . .     Spirit   .   (helmet restricted)
rPois    .         Reflect  .   (no amulet)
rElec    .         Harm     .   n - ring of see invisible
rCorr    .         Rampage  .   (no ring)
Will     .....                  (no ring)
Stlth    ++++......             (no ring)
HPRegen  0.08/turn              (no ring)
MPRegen  0.08/turn              (no ring)
                                (no ring)
                                (no ring)

@: no status effects
A: almost no armour, amphibious, 8 rings, camouflage 1, gelatinous body 1,
(nimble swimmer 1), tentacles
a: no special abilities


You were on level 2 of the Dungeon.
You visited 1 branch of the dungeon, and saw 5 of its levels.

You collected 34 gold pieces.

Inventory:

Hand Weapons
 a - a +0 short sword (weapon)
Missiles
 j - 3 atropa-tipped darts (quivered)
Armour
 p - a +0 tower shield (worn)
Jewellery
 n - a ring of see invisible (left tentacle)
 o - a ring of fire
 q - an amulet of guardian spirit
Wands
 f - a wand of digging (3)
Scrolls
 b - 5 scrolls of fog
 c - a scroll of magic mapping
 d - 2 scrolls of fear
 g - 4 scrolls of identify {unknown}
 h - 2 scrolls of summoning {unknown}
 i - 2 scrolls of blinking {unknown}
 k - a scroll of teleportation {unknown}
 m - a scroll of noise {unknown}
 r - a scroll of vulnerability {unknown}
 s - a scroll of amnesia {unknown}
Potions
 e - a potion of haste
 l - a potion of flight {unknown}


   Skills:
 + Level 3.4 Fighting
 + Level 2.5 Short Blades
 + Level 2.5 Dodging
 + Level 7.0 Stealth
 + Level 0.3 Shields


You had 2 spell levels left.
You didn't know any spells.
Your spell library was empty.

Dungeon Overview and Level Annotations

Branches:
Dungeon (5/15)
 Temple: D:4-7

Altars:
Nemelex Xobeh

Annotations:
D:2 Terence


Innate Abilities, Weirdness & Mutations

You cannot wear most types of armour.
You are amphibious.
You can wear up to eight rings at the same time.
Your skin changes colour to match your surroundings (Stealth+).
Your rubbery body absorbs attacks. (AC +1, EV +1)
((You are camouflaged near water. (Stealth+)))
You have tentacles for arms and can constrict up to eight enemies at once.


Message History

You hit the goblin.
You kill the goblin!
Things that are here:
a +0 dagger; a kobold corpse
Things that are here:
a +0 club; 12 stones; a goblin corpse A bat comes into view.
The helpless bat fails to defend itself.
You impale the bat!!
You kill the bat!
A rat comes into view.
You see here 16 gold pieces.
Terence the Incautious comes into view.
He is wielding a +0 flail.
You hit the rat but do no damage. You grab the rat. You squeeze the rat.
You kill the rat!
You now have 34 gold pieces (gained 16).
Terence shouts!
Found a scroll labelled NAHOAD DESK.
Throw: 4 darts (atropa)
Press: ? - help, Q - select action Shift-Dir - straight line, f - Terence
Aim: Terence, wielding a +0 flail and wearing a +0 scale mail (63% to hit, chance to blind on hit: 100%)
You throw an atropa-tipped dart. The atropa-tipped dart hits Terence.
Terence appears confused.
Terence seems less confused.
You hit Terence but do no damage. You grab Terence.
You constrict Terence, but do no damage.
Terence is no longer blind.
You block Terence's attack. Terence hits you with a +0 flail!
You hit Terence but do no damage. You constrict Terence.
Terence closely misses you.
You hit Terence. You squeeze Terence.
Terence is moderately wounded.
You constrict Terence. Terence hits you with a +0 flail.
You hit Terence but do no damage. You squeeze Terence.
Terence is almost dead.
You constrict Terence, but do no damage.
Terence hits you with a +0 flail.
* * * LOW HITPOINT WARNING * * *
Terence hits you with a +0 flail!
You die...

###### #....#
####....####
#.(.....'...
#.##....###
#@#.....'...
#@#?....####
#.#.......
#.#.............#
#.#.............#
#.#####.........#
#.# #.........##
#.# #..........
#.# #........#
#.# #........#


You could see Terence.

Vanquished Creatures
  9 ball pythons
  5 endoplasms
  2 giant cockroaches (D:1)
  3 goblins
  6 hobgoblins
  A kobold (D:2)
  A quokka (D:1)
  A bat (D:2)
  A frilled lizard (D:3)
  10 rats
39 creatures vanquished.

Vanquished Creatures (others)
  A plant (D:1)
1 creature vanquished.

Grand Total: 40 creatures vanquished

Notes
Turn   | Place    | Note
-------+----------+-------------------------------------------
     0 | D:5      | voltaire321 the Octopode Delver began the quest for the
                  | Orb.
     0 | D:5      | Reached XP level 1. HP: 16/16 MP: 1/1
    63 | D:5      | Noticed a jelly
   182 | D:3      | Reached XP level 2. HP: 21/21 MP: 2/2
   698 | D:1      | Reached XP level 3. HP: 16/26 MP: 3/3
  1305 | D:1      | Reached skill level 7 in Stealth
  1818 | D:2      | Noticed Terence
  1840 | D:2      | Slain by Terence

Illustrated notes

Levels and vault maps discovered:
D:1:      dpeg_arrival_houses_and_road, layout_basic, serial_forest,
          infiniplex_forest_lined_ring, infiniplex_forest_clump_double,
          infiniplex_forest_lined_4_way, infiniplex_forest_clump_long,
          infiniplex_forest_clump_tiny, infiniplex_forest_straight_5,
          infiniplex_forest_straight_5, infiniplex_forest_clump_large,
          infiniplex_forest_end_1, hex_tiny
D:2:      layout_basic, shapermc_ecumenical_altar_venn, uniq_sigmund,
          uniq_terence, uniq_crazy_yiuf_cottage
D:3:      layout_basic
D:4:      layout_loops_cross, nicolae_overflow_hidden_temple
D:5:      layout_loops_ring, nemelex_xobeh_ov_fountains_minmay,
          grunt_decor_fettered

Skill      XL: |  1  2  3 |
---------------+----------+-----
Stealth        | 7 |  7.0
Fighting       | |  3.4
Short Blades   | |  2.5
Dodging        | |  2.5
Shields        | |  0.3

Action                   || total
-------------------------++-------
Melee: Short sword       ||    60
       Constrict         ||    10
       Tentacles         ||     8
Throw: Dart              ||     1
 Stab: Sleeping          ||    22
Armor: Skin              ||     2
Dodge: Dodged            ||    18
Block: Tower shield      ||     7

Table legend: (Time is in decaauts)
 A = Elapsed time spent in this place.
 B = Non-inter-level travel time spent in this place.
 C = Inter-level travel time spent in this place.
 D = Time resting spent in this place.
 E = Time spent auto-exploring this place.
 F = Levels seen in this place.
 G = Mean time per level.
                   A        B        C        D        E       F      G
               +--------+--------+--------+--------+--------+-----+--------+
         Total |   1851 |   1803 |     48 |      0 |   1353 |   5 |  370.2 |
       Dungeon |   1851 |   1803 |     48 |      0 |   1353 |   5 |  370.2 |
               +--------+--------+--------+--------+--------+-----+--------+

Top non-repeatable levels by time:
     D:1: 1163 daAuts
     D:3: 330 daAuts
     D:2: 185 daAuts
     D:4: 102 daAuts
     D:5: 69 daAuts
